 Dungeon Sprint DCSS version 0.17-a0-1646-geb1493d (webtiles) character file.

1136 Kidiri the Covert (level 8, -10/36 HPs)
             Began as a Spriggan Enchanter on Aug 10, 2015.
             Mangled by a tentacle (26 damage)
             ... attached to a kraken
             ... in the Dungeon (Sprint II: "The Violet Keep of Menkaure").
             The game lasted 00:07:15 (525 turns).

Kidiri the Covert (Spriggan Enchanter)               Turns: 525, Time: 00:07:16

Health: -10/36     AC:  3    Str:  4    XL:     8   Next: 14%
Magic:  20/23      EV: 28    Int: 20    God:
Gold:   452        SH:  0    Dex: 18    Spells: 5 memorised, 15 levels left

rFire  . . .     SeeInvis +     a - +1 dagger
rCold  . . .     Clarity  .     b - +1 robe
rNeg   + . .     SustAt   .     (shield restricted)
rPois  .         Gourm    .     (helmet restricted)
rElec  .         Spirit   .     (no cloak)
rCorr  .         Warding  +     (gloves unavailable)
rMut   .         NoTele   +     (boots unavailable)
MR     +....                    l - amulet of warding
Stlth  ++++++....               (no ring)
                                k - +3 ring of intelligence

@: very quick, somewhat resistant to hostile enchantments, very stealthy
A: unfitting armour, see invisible, herbivore 3, speed 3, slow metabolism 2
a: no special abilities


You were in the Dungeon.
You were not hungry.

You visited 1 branch You collected 972 gold pieces.
You spent 520 gold pieces at shops.

Inventory:

Hand weapons
 a - a +1 dagger (weapon)
Armour
 b - a +1 robe (worn)
Jewellery
 k - a +3 ring of intelligence (left hand)
 l - an amulet of warding (around neck)
Scrolls
 j - a scroll of blinking
Potions
 e - a potion of curing
 f - a potion of heal wounds
 g - a potion of haste
 h - 2 potions of magic
 i - a potion of berserk rage
Books
 c - a book of Maledictions

   Spells                             Type                      Level
   a - Corona                         Hexes                        1
   b - Ensorcelled Hibernation        Hexes/Ice                    2
   c - Confuse                        Hexes                        3
   d - Tukima's Dance                 Hexes                        3
   e - Dazzling Spray                 Conjuration/Hexes            3
Comestibles
 d - a bread ration


   Skills:
 + Level 6.2 Short Blades
 * Level 11.8 Dodging
 * Level 13.1 Stealth
 * Level 10.2 Spellcasting
 + Level 3.6 Conjurations
 + Level 7.9 Hexes
 + Level 4.1 Ice Magic


You had 15 spell levels left.
You knew the following spells:

 Your Spells              Type           Power        Failure   Level  Hunger
a - Corona                Hex            #####..      1%          1    None
b - Ensorcelled Hibernat  Hex/Ice        ####..       1%          2    None
c - Confuse               Hex            #####...     1%          3    None
d - Tukima's Dance        Hex            #####...     1%          3    None
e - Dazzling Spray        Conj/Hex       ####....     1%          3    None


Dungeon Overview and Level Annotations

Branches:
Dungeon (1/1)

Altars:
Cheibriados
Dithmenos
Elyvilon
Fedhas
Gozag
Kikubaaqudgha
Makhleb
Nemelex Xobeh
Okawaru
Ru
Vehumet
Yredelemnul
Zin
The Shining One
Beogh
Jiyva
Lugonu

Shops:
D ![:*!%[=!((!}=?:

Annotations:
D exclusion: oklob plant


Innate Abilities, Weirdness & Mutations

You are tiny and cannot use many weapons and most armour.
You have supernaturally acute eyesight.
You are a herbivore.
You cover ground extremely quickly.
You need consume almost no food.


Message History

Press: ? - help, Shift-Dir - straight line, f/p - kraken
Aim: a kraken (water, chance to defeat MR: 28%)
The kraken looks drowsy...
The helpless kraken fails to defend itself.
You spit the kraken like a pig!!!!
The kraken is heavily wounded.
The kraken bites you!
Unknown command.
Tentacles burst out of the water!
The tentacle closely misses you. The tentacle misses you.
The tentacle completely misses you.
The kraken is engulfed in a cloud of scalding steam.
The tentacle barely misses you. The tentacle misses you.
The tentacle closely misses you.
The tentacle segment is engulfed in a cloud of scalding steam.
The tentacle completely misses you. The tentacle closely misses you.
The tentacle segment is engulfed in a cloud of scalding steam. x2
The tentacle slaps you!!
Ouch! That really hurt!
You die...

≈≈≈.........# ≈≈≈≈X##+##..#
≈≈≈≈##.#.##.####
≈≈≈≈#..#%.# ...#
≈≈####.#.####..##
≈##.###'###.##..# #
≈#.#.##.##..##..# .# #
≈+###'.<.'##.'..### .##.#
≈#.#.##.##..##..@.###...##▓
≈##.###'###.##.wwww.≈≈≈≈≈≈≈
≈≈####.######≈≈§****≈#+####
#≈≈≈#.##..#≈≈§≈≈§§**{#..._.
#+#≈##...##≈≈≈≈§§≈{X≈#.._._
#.#≈≈##'##≈≈≈§§§≈§≈≈≈#._._.
####≈≈≈≈≈≈≈≈≈≈≈§≈≈≈≈§#_._._
#+++#+++#≈≈≈≈≈§§§≈#._._.
.§§. #≈§§###≈≈#_._._


You could see a kraken and 4 tentacles.

Vanquished Creatures
  2 boulder beetles (D)
  A blink frog (D)
  2 hippogriffs (D)
  4 brain worms (D)
  4 worker ants (D)
13 creatures vanquished.

Vanquished Creatures (others)
  A crocodile (D)
  23 tentacle segments (D)
24 creatures vanquished.

Grand Total: 37 creatures vanquished

Notes
Turn   | Place    | Note
--------------------------------------------------------------
     0 | D        | Kidiri the Spriggan Enchanter began the quest for the Orb.
     0 | D        | Reached XP level 1. HP: 9/9 MP: 5/5
     1 | D        | Noticed a hippogriff
     1 | D        | Noticed a hippogriff
     5 | D        | Noticed a brain worm
     9 | D        | Noticed a boulder beetle
     9 | D        | Noticed a boulder beetle
    12 | D        | Noticed a worker ant
    12 | D        | Noticed a worker ant
    12 | D        | Noticed a worker ant
    12 | D        | Noticed a worker ant
    18 | D        | Killed a brain worm
    18 | D        | Reached skill level 6 in Dodging
    18 | D        | Reached skill level 7 in Stealth
    18 | D        | Reached skill level 5 in Spellcasting
    18 | D        | Reached XP level 2. HP: 13/13 MP: 6/9
    18 | D        | Reached XP level 3. HP: 16/16 MP: 6/10
    22 | D        | Learned a level 2 spell: Ensorcelled Hibernation
    25 | D        | Killed a crocodile
    26 | D        | Learned a level 3 spell: Confuse
    30 | D        | Learned a level 3 spell: Tukima's Dance
    34 | D        | Learned a level 3 spell: Dazzling Spray
    34 | D        | Noticed a brain worm
    35 | D        | Killed a brain worm
    35 | D        | Reached skill level 8 in Stealth
    35 | D        | Reached skill level 1 in Conjurations
    35 | D        | Reached skill level 5 in Hexes
    35 | D        | Reached skill level 1 in Ice Magic
    35 | D        | Reached XP level 4. HP: 21/21 MP: 8/13
    36 | D        | Noticed a brain worm
    36 | D        | Noticed a brain worm
    43 | D        | Killed a brain worm
    43 | D        | Reached skill level 9 in Stealth
    43 | D        | Reached XP level 5. HP: 24/24 MP: 7/15
    48 | D        | Killed a brain worm
    48 | D        | Reached skill level 10 in Stealth
    48 | D        | Reached XP level 6. HP: 28/28 MP: 0/17
   168 | D        | Killed a worker ant
   169 | D        | Killed a worker ant
   172 | D        | Killed a worker ant
   174 | D        | Killed a worker ant
   190 | D        | Killed a hippogriff
   190 | D        | Reached skill level 5 in Short Blades
   190 | D        | Reached skill level 10 in Dodging
   190 | D        | Reached skill level 11 in Stealth
   193 | D        | Killed a hippogriff
   193 | D        | Reached XP level 7. HP: 32/32 MP: 18/20
   285 | D        | Killed a boulder beetle
   285 | D        | Reached skill level 12 in Stealth
   325 | D        | Killed a boulder beetle
   325 | D        | Reached skill level 10 in Spellcasting
   358 | D        | Noticed a lava snake
   359 | D        | Noticed a lava snake
   359 | D        | Noticed a lava snake
   360 | D        | Noticed a kraken
   385 | D        | Noticed an ice statue
   388 | D        | Found Bycsuhyal's Book Shop.
   389 | D        | Found Toshrer's Jewellery Boutique.
   389 | D        | Found Hadaqiog's Magic Scroll Boutique.
   390 | D        | Found Gegohama's Distillery.
   390 | D        | Found Sughona's Gadget Shop.
   391 | D        | Found Orenou's Antique Weapon Boutique.
   391 | D        | Found Guihitit's Antique Weapon Boutique.
   392 | D        | Noticed a blink frog
   396 | D        | Killed a blink frog
   396 | D        | Reached skill level 13 in Stealth
   396 | D        | Reached XP level 8. HP: 36/36 MP: 20/23
   414 | D        | Found Itweomae's Jewellery Shop.
   416 | D        | Found Tuyhon's Distillery.
   417 | D        | Found Domauvvi's Antique Armour Shop.
   417 | D        | Found Fanixiopn's Food Boutique.
   420 | D        | Found Founis's Distillery.
   420 | D        | Found Ycoxku's General Store.
   420 | D        | Noticed an oklob plant
   421 | D        | Found Xiviupheobe's Antique Armour Shop.
   421 | D        | Found Viuklier's Distillery.
   421 | D        | Found Wazon's Book Shoppe.
   424 | D        | Noticed a wyvern
   431 | D        | Noticed a hell hog
   436 | D        | Noticed a hell hog
   436 | D        | Noticed a wyvern
   464 | D        | Bought a scroll of acquirement for 520 gold pieces
   507 | D        | Noticed a kraken
   510 | D        | Found a sacrificial altar of Ru.
   511 | D        | Found an iron altar of Okawaru.
   511 | D        | Found an opulent altar of Gozag.
   512 | D        | Found a glowing golden altar of the Shining One.
   512 | D        | Found a roughly hewn altar of Beogh.
   513 | D        | Found a viscous altar of Jiyva.
   513 | D        | Found a sparkling altar of Nemelex Xobeh.
   513 | D        | Found an ancient bone altar of Kikubaaqudgha.
   513 | D        | Found a corrupted altar of Lugonu.
   513 | D        | Found a snail-covered altar of Cheibriados.
   514 | D        | Found a glowing silver altar of Zin.
   514 | D        | Found a basalt altar of Yredelemnul.
   514 | D        | Found a shadowy altar of Dithmenos.
   514 | D        | Found a burning altar of Makhleb.
   514 | D        | Found a radiant altar of Vehumet.
   515 | D        | Found a blossoming altar of Fedhas.
   515 | D        | Found a white marble altar of Elyvilon.
   525 | D        | Mangled by a tentacle

Vault maps used:
D:        the_violet_keep_of_menkaure

Action                   |  1- 3 |  4- 6 |  7- 9 || total
-------------------------+-------+-------+-------++-------
Melee: Dagger            |     2 |     9 |     8 ||    19
 Cast: Ensorcelled Hiber |       |     4 |     7 ||    11
       Confuse           |       |       |     1 ||     1
  Use: Scroll            |       |       |     1 ||     1
 Stab: Sleeping          |     2 |     8 |     4 ||    14
       Confused          |       |       |     1 ||     1
